 Seeded DCSS version 0.30-a0-777-ga9a30cbeda (webtiles) character file.

Game seed: 20230212 (custom seed)

539 a11behringer the Cudgeller (level 7, -5/66 HPs)
             Began as a Gargoyle Berserker on Feb 14, 2023.
             Was a Priest of Trog.
             Slain by Menkaure (12 damage)
             ... on level 5 of the Dungeon.
             The game lasted 00:10:17 (4198 turns).

a11behringer the Cudgeller (Gargoyle Berserker)     Turns: 4198, Time: 00:10:18

Health: -5/66      AC: 17    Str: 23    XL:     7   Next: 26%
Magic:  7/7        EV:  8    Int:  7    God:    Trog [***...]
Gold:   167        SH:  0    Dex:  9    Spells: 6/6 levels left

rFire   . . .      SeeInvis .    m - +2 morningstar (holy)
rCold   . . .      Faith    .    (no shield)
rNeg    + . .      Spirit   .    t - +0 chain mail
rPois   ∞          Reflect  .    (no helmet)
rElec   +          Harm     .    (no cloak)
rCorr   .          Rampage  .    r - +2 pair of gloves
Will    .....                    (no boots) Stlth
                                 o - amulet of regeneration
HPRegen 1.11/turn                (no ring)
MPRegen 0.10/turn                (no ring)

@: berserking, very quick
A: sickness immunity, AC +4, negative energy resistance 1, electricity
resistance, torment resistance 1, petrification resistance
a: Renounce Religion, Berserk, Trog's Hand


You were on level 5 of the Dungeon.
You worshipped Trog.
Trog was most pleased with you.
You visited 1 branch of the dungeon, and saw 5 of its levels.

You collected 167 gold pieces.

Inventory:

Hand Weapons
 a - a +0 mace
 m - a +2 morningstar of holy wrath (weapon)
Armour
 b - a +0 animal skin
 e - a +0 ring mail
 l - a +0 scale mail
 q - a +0 pair of gloves
 r - a +2 pair of gloves (worn)
 t - a +0 chain mail (worn)
Jewellery
 o - an amulet of regeneration (around neck)
Scrolls
 c - 7 scrolls of identify
 f - a scroll of magic mapping
 g - a scroll of enchant armour {unknown}
 h - 2 scrolls of fog {unknown}
 i - a scroll of immolation {unknown}
 j - a scroll of blinking {unknown}
 n - 2 scrolls of teleportation {unknown}
 p - 2 scrolls of noise {unknown}
 s - a scroll of enchant weapon {unknown}
 u - a scroll of acquirement {unknown}
Potions
 d - a potion of heal wounds {unknown}
 k - a potion of magic {unknown}


   Skills:
 + Level 4.8 Fighting
 * Level 5.6 Maces & Flails
 + Level 4.2 Armour
 + Level 3.1 Dodging


You had 6 spell levels left.
You didn't know any spells.
Your spell library was empty.

Dungeon Overview and Level Annotations

Branches:
Dungeon (5/15)
 Temple: D:4-7

Altars:
Elyvilon
Gozag
Xom
Zin
The Shining One

Shops:
D:2 ?   D:3 (

Annotations:
D:5 1 transporter, Menkaure; joshdumdum's ghost, novice MiFi


Innate Abilities, Weirdness & Mutations

You are immune to sickness and miasma.
Your stone body is resilient. (AC +4)
You are immune to poison.
You resist negative energy. (rN+)
You are resistant to electric shocks. (rElec)
You are resistant to unholy torment.
You are immune to petrification.


Message History

The orc hits you but does no damage. The orc closely misses you.
The orc hits you but does no damage. x2
You hear some strange, mumbled words.
A puff of flame appears from out of thin air!
The puff of flame hits you!
You miss something.
Menkaure calls on the powers of darkness!
The orc convulses!
Your body is wracked with pain!
The orc convulses! x2
Menkaure calls on the powers of darkness!
The orc convulses!
Your body is wracked with pain!
The orc convulses! x2
You hear some strange, mumbled words.
A puff of flame appears from out of thin air!
The puff of flame hits you but does no damage.
The orc hits you but does no damage. x2
You miss something. The orc barely misses you.
You hear some strange, mumbled words.
A magic dart appears from out of thin air!
The magic dart hits you. The orc barely misses you.
You barely miss something. The orc closely misses you.
Something hits you but does no damage. The orc barely misses you.
Menkaure sighs, "It doesn't hurt if you pull your brain out of your nose yourself."
You puncture something! Trog accepts your kill.
Trog appreciates your killing of a magic user.
Reactivating autopickup.
You feel a bit more experienced. The orc hits you with a +0 club.
The orc hits you but does no damage.
You closely miss Menkaure. Menkaure hits you.
* * * LOW HITPOINT WARNING * * *
The orc hits you but does no damage. The orc barely misses you.
Menkaure gestures at you while chanting.
Pain shoots through your body!
* * * LOW HITPOINT WARNING * * *
The orc barely misses you. The orc hits you but does no damage.
You hit Menkaure but do no damage. Menkaure closely misses you.
The orc closely misses you. The orc hits you with a +0 club.
* * * LOW HITPOINT WARNING * * *
A red film seems to cover your vision as you go berserk!
You feel yourself moving faster!
You feel mighty! Menkaure hits you!
You die...

*,*
#.....#.......#<.
*,*
#.....#########..
*,* #.....# #.. *,*
#.....# #..
*,**########.....#
#..
*,*,.......#.....#
#..
*,,,.......#.....#
#..
***,......o#.....#
#..
*,.....oM@.....#
#..
*,......o###...####
#.. *,....[..*
###....######..
**#######*
####.....##..
#####.##.. #.....
###... ##.. #.>


You could see Menkaure (fast) and 3 orcs.

Vanquished Creatures
  2 ogres
  A scorpion (D:5)
  2 jellies
  Terence (D:3)
  2 orc wizards
  9 adders
  3 worms
  A dart slug (D:2)
  9 orcs
  2 ball pythons
  4 endoplasms
  3 giant cockroaches
  9 hobgoblins
  5 quokkas
  5 bats
  5 frilled lizards
  10 goblins
  6 kobolds
  11 rats
90 creatures vanquished.

Vanquished Creatures (others)
  2 plants (D:4)
2 creatures vanquished.

Grand Total: 92 creatures vanquished

Notes
Turn   | Place    | Note
-------+----------+-------------------------------------------
     0 | D:1      | a11behringer the Gargoyle Berserker began the quest for the
                  | Orb.
     0 | D:1      | Reached XP level 1. HP: 14/14 MP: 1/1
   264 | D:1      | Reached XP level 2. HP: 13/19 MP: 2/2
   479 | D:1      | Reached XP level 3. HP: 23/23 MP: 3/3
   485 | D:1      | Reached ** piety under Trog
  1183 | D:2      | Reached XP level 4. HP: 29/29 MP: 4/4
  1238 | D:2      | Found Qicasoulohe's Magic Scroll Shoppe.
  1482 | D:2      | Reached skill level 4 in Maces & Flails
  1572 | D:2      | Found a faded altar of an unknown god.
  1864 | D:3      | Found a glowing golden altar of the Shining One.
  1864 | D:3      | Found a white marble altar of Elyvilon.
  1865 | D:3      | Found a glowing silver altar of Zin.
  1916 | D:3      | Noticed Terence
  1925 | D:3      | Killed Terence
  1926 | D:3      | Reached XP level 5. HP: 24/33 MP: 5/5
  2155 | D:3      | Found Onkam's Weapon Boutique.
  2895 | D:4      | Identified the +0 leather armour of the Lobster {Stlth+}
  2923 | D:4      | Reached *** piety under Trog
  2970 | D:4      | Found an opulent altar of Gozag.
  3075 | D:4      | Reached XP level 6. HP: 34/38 MP: 6/6
  3782 | D:4      | Reached skill level 5 in Maces & Flails
  4026 | D:5      | Entered Level 5 of the Dungeon
  4084 | D:5      | Found a shimmering altar of Xom.
  4113 | D:5      | Reached XP level 7. HP: 23/44 MP: 7/7
  4146 | D:5      | Noticed joshdumdum's ghost (novice MiFi)
  4154 | D:5      | Found a transporter.
  4179 | D:5      | Noticed Menkaure
  4198 | D:5      | Slain by Menkaure

Illustrated notes

Levels and vault maps discovered:
D:1:      amcnicky_arrival_feature_with_door, layout_basic,
          kennysheep_decorative_pillar
D:2:      layout_loops_corners, hellmonk_ecumenical_altar_inner_sanctum,
          serial_shops, nicolae_shop_stone, minivault_19, minmay_tetromino_o2
D:3:      layout_loops_corners, good_gods_mini_temple, serial_shops, shop,
          uniq_terence
D:4:      layout_layer_cave, nicolae_gozag_seed_capital, serial_bayou_ford_a,
          uniq_crazy_yiuf_cottage
D:5:      layout_basic, kennysheep_little_box, portal_sewer_entry_e,
          gammafunk_ghost_stat_death, nicolae_wormholes, uniq_menkaure,
          uniq_grinder

Skill      XL: |  1  2  3  4  5  6 |
---------------+-------------------+-----
Dodging        | 2 3 |  3.1
Maces & Flails | 4 5 |  5.6
Armour         | 3 4 |  4.2
Fighting       | 4 |  4.8

Action                     |  1- 3 |  4- 6 |  7- 9 || total
---------------------------+-------+-------+-------++-------
  Melee: Mace              |   116 |    90 |       ||   206
         Punch             |       |     3 |       ||     3
         Morningstar       |       |   110 |    19 ||   129
 Invoke: Berserk           |       |       |     1 ||     1
    Use: Scroll            |       |     2 |       ||     2
 Armour: Animal skin       |    10 |       |       ||    10
         Ring mail         |    41 |    45 |       ||    86
         Scale mail        |       |    55 |       ||    55
         Chain mail        |       |     5 |    27 ||    32
  Dodge: Dodged            |    71 |   125 |    16 ||   212

Table legend: (Time is in decaauts)
 A = Elapsed time spent in this place.
 B = Non-inter-level travel time spent in this place.
 C = Inter-level travel time spent in this place.
 D = Time resting spent in this place.
 E = Time spent auto-exploring this place.
 F = Levels seen in this place.
 G = Mean time per level.
                   A        B        C        D        E       F      G
               +--------+--------+--------+--------+--------+-----+--------+
         Total |   4291 |   3931 |    360 |      0 |   3149 |   5 |  858.2 |
       Dungeon |   4291 |   3931 |    360 |      0 |   3149 |   5 |  858.2 |
               +--------+--------+--------+--------+--------+-----+--------+

Top non-repeatable levels by time:
     D:4: 1298 daAuts
     D:2: 1005 daAuts
     D:3: 932 daAuts
     D:1: 875 daAuts
     D:5: 179 daAuts
